 Dungeon Crawl Stone Soup version 0.25-a0-578-gc91f01c (webtiles) character file.

Game seed: 1421862710017882195, levelgen mode: deterministic

187 BlueFish the Covered (level 5, -1/47 HPs)
             Began as a Minotaur Fighter on Mar 7, 2020.
             Killed by divine providence
             ... invoked by an orc priest
              (14 damage)
             ... on level 4 of the Dungeon.
             The game lasted 00:03:46 (2449 turns).

BlueFish the Covered (Minotaur Fighter)             Turns: 2449, Time: 00:03:46

Health: -1/47      AC:  7    Str: 21    XL:     5   Next: 39%
Magic:  4/4        EV: 10    Int:  5    God:
Gold:   116        SH:  0    Dex: 10    Spells: 4/4 levels left

rFire    . . .     SeeInvis .   a - +1 long sword
rCold    . . .     Gourm    .   (no shield)
rNeg     . . .     Faith    .   b - +0 scale mail
rPois    .         Spirit   .   (helmet restricted)
rElec    .         Reflect  .   (no cloak)
rCorr    .         Harm     .   (no gloves)
MR       .....                  (no boots)
Stlth    ..........             (no amulet)
HPRegen  0.15/turn              (no ring)
MPRegen  0.09/turn              (no ring)

@: slowed, very slow
A: retaliatory headbutt, horns 2
a: no special abilities


You were on level 4 of the Dungeon.
You were not hungry.

You visited 1 branch of the dungeon, and saw 5 of its levels.

You collected 116 gold pieces.

Inventory:

Hand Weapons
 a - a +1 long sword (weapon)
Armour
 b - a +0 scale mail (worn)
 c - a +0 kite shield
 j - a +0 scale mail of fire resistance
 r - a +1 pair of gloves
Jewellery
 l - an uncursed ring of flight {unknown}
Wands
 g - a wand of disintegration (14)
 q - a wand of flame (17)
Scrolls
 m - a scroll of enchant weapon
 s - a scroll of remove curse
Potions
 d - 5 potions of lignification
 e - 2 potions of cancellation
 h - 2 potions of curing {unknown}
 i - a potion of stabbing
 k - a potion of brilliance {unknown}
 n - a potion of heal wounds {unknown}
 o - a potion of berserk rage {unknown}
 p - a potion of might
 u - a potion of flight {unknown}
Comestibles
 f - 6 rations
 t - 2 chunks of flesh


   Skills:
 * Level 4.7 Fighting
 * Level 4.4 Long Blades
 * Level 5.2 Armour
 + Level 0.9 Dodging
 + Level 3.8 Shields


You had 4 spell levels left.
You didn't know any spells.
Your spell library contained the following spells:

 Spells                   Type           Power        Failure   Level  Hunger
 Magic Dart               Conj           #...         80%         1    ##.....
 Searing Ray              Conj           #.....       90%         2    ###....
 Dazzling Flash           Conj/Hex       #.....       99%         3    ####...
 Fulminant Prism          Conj/Hex       #.........   100%        4    #####..
 Iskenderun's Mystic Bla  Conj/Tloc      #.......     100%        4    #####..


Dungeon Overview and Level Annotations

Branches:
Dungeon (5/15)
 Temple: D:4-7

Altars:
Ashenzari
Fedhas
Makhleb
Xom
The Shining One

Annotations:
D:4 Dowan, Duvessa


Innate Abilities, Weirdness & Mutations

You reflexively headbutt those who attack you in melee.
You have a pair of horns on your head.


Message History

The worker ant completely misses you.
The orc wizard hits you with a +0 dagger.
The orc hits you. The orc priest hits you.
You slash the orc priest!
The orc priest is severely wounded.
The worker ant barely misses you.
You riposte.
You hit the worker ant but do no damage.
The worker ant is heavily wounded.
The orc wizard points at you and mumbles some strange words.
The magic dart hits you! The orc completely misses you.
You riposte.
You hit the orc but do no damage.
The orc priest invokes the aid of Beogh against you.
Pain shoots through your body! The worker ant bites you.
* * * LOW HITPOINT WARNING * * *
Okay, then.
The worker ant barely misses you. You furiously retaliate!
You headbutt the worker ant, but do no damage.
The orc priest mumbles some strange prayers to Beogh against you.
Beogh smites you!
You die...

#...# #.....#
.......
#########.......
................
................
........).......
.......oa.......
......oo@.......
.
....a..........#
.
..........#...##
. ..........#
#.# .
........... .#
e###
............ #
...#
..####.##....
.... .. ....
.... ....


You could see 2 worker ants, an orc priest, an orc wizard and an orc.

Vanquished Creatures
  An orc priest (D:4)
  Natasha (thrice) (D:2)
  A hound skeleton (D:4)
  An ooze (D:2)
  3 dart slugs
  4 leopard geckos
  2 orcs
  5 giant cockroaches (D:1)
  3 goblins
  6 hobgoblins (D:1)
  7 jackals (D:1)
  3 kobolds
  A quokka (D:5)
  A ball python (D:2)
  2 bats (D:2)
  6 frilled lizards
  6 rats
55 creatures vanquished.

Notes
Turn   | Place    | Note
-------+----------+-------------------------------------------
     0 | D:1      | BlueFish the Minotaur Fighter began the quest for the Orb.
     0 | D:1      | Reached XP level 1. HP: 19/19 MP: 0/0
    26 | D:1      | Reached skill level 4 in Armour
    29 | D:1      | Reached XP level 2. HP: 7/27 MP: 1/1
   385 | D:1      | Reached XP level 3. HP: 30/33 MP: 2/2
   962 | D:2      | Noticed Natasha
   970 | D:2      | Killed Natasha
   970 | D:2      | Reached XP level 4. HP: 28/41 MP: 3/3
   988 | D:2      | Noticed Natasha
   998 | D:2      | Killed Natasha
  1166 | D:2      | Noticed Natasha
  1168 | D:2      | Killed Natasha
  1561 | D:3      | Reached XP level 5. HP: 47/47 MP: 4/4
  1591 | D:3      | Found a white marble altar of Elyvilon.
  1593 | D:3      | Found a shattered altar of Ashenzari.
  1593 | D:3      | Found a shimmering altar of Xom.
  1595 | D:3      | Found a glowing silver altar of Zin.
  1595 | D:3      | Found a shadowy altar of Dithmenos.
  1595 | D:3      | Found a glowing golden altar of the Shining One.
  1862 | D:3      | Reached skill level 5 in Armour
  2107 | D:3      | Found a glowing golden altar of the Shining One.
  2306 | D:4      | Found a shattered altar of Ashenzari.
  2306 | D:4      | Found a blossoming altar of Fedhas.
  2306 | D:4      | Found a burning altar of Makhleb.
  2318 | D:5      | Entered Level 5 of the Dungeon
  2391 | D:4      | Noticed Dowan
  2391 | D:4      | Noticed Duvessa
  2449 | D:4      | Killed from afar by an orc priest

Levels and vault maps discovered:
D:1:      erik_arrival_blinker_ship, layout_rooms
D:2:      layout_basic, uniq_natasha
D:3:      layout_loops_corners, nicolae_tso_swordbearing_angel,
          doesnt_xom_only_xom
D:4:      layout_rooms, grunt_temple_overflow_gold_and_silver,
          hangedman_ru_absence, nicolae_overflow_hidden_temple, serial_shops,
          nicolae_shop_trees, first_ration, minmay_misc_feat_x, uniq_duvessa
D:5:      layout_basic, nicolae_overflow_crystal_walls,
          minmay_temple_entry_slanted, serial_shops, shop

Skill      XL: |  1  2  3  4  5 |
---------------+----------------+-----
Armour         | 4 5 |  5.2
Fighting       | 4 |  4.7
Long Blades    | 3 4 |  4.4
Dodging        | |  0.9
Shields        | |  3.8

Action                   |  1- 3 |  4- 6 || total
-------------------------+-------+-------++-------
Melee: Long sword        |    74 |    25 ||    99
       Headbutt          |    12 |     8 ||    20
  Use: Potion            |     1 |       ||     1
       Scroll            |     4 |     4 ||     8
  Eat: Chunk             |       |     5 ||     5
Armor: Scale mail        |    48 |    15 ||    63
Dodge: Dodged            |    60 |    28 ||    88
       Rpst.: Long sword |    15 |    11 ||    26

Table legend:
 A = Non-vault XP
 B = Vault XP
 C = Vault XP percentage of total XP
 D = Non-vault monster count
 E = Vault monster count
 F = Vault count percentage of total count
                 A         B        C        D         E       F
            +---------+---------+-------+---------+---------+-------
      Total |     232 |      36 |  13.4 |      54 |       1 |   1.8
            +---------+---------+-------+---------+---------+-------
        D:1 |      55 |       0 |   0.0 |      28 |       0 |   0.0
        D:2 |     103 |      36 |  25.9 |      16 |       1 |   5.9
        D:3 |       7 |       0 |   0.0 |       5 |       0 |   0.0
        D:4 |      65 |       0 |   0.0 |       4 |       0 |   0.0
        D:5 |       2 |       0 |   0.0 |       1 |       0 |   0.0
            +---------+---------+-------+---------+---------+-------
